 Dungeon Crawl Stone Soup version 0.32-a0-779-g362cfca (webtiles) character file.

Game seed: 17695404752978447093

25 Anonymous1 the Trooper (level 2, 26/26 HPs)
             Began as a Mountain Dwarf Fighter on Mar 19, 2024.
             Was an Initiate of Gozag.
             Quit the game on level 2 of the Dungeon.
             The game lasted 00:01:58 (857 turns).

Anonymous1 the Trooper (Mountain Dwarf Fighter)      Turns: 857, Time: 00:01:58

Health: 26/26      AC:  6    Str: 18    XL:     2   Next: 86%
Magic:  2/2        EV:  8    Int:  8    God:    Gozag
Gold:   117        SH:  4    Dex:  9    Spells: 1/1 levels left

rFire   . . .        a - +0 war axe
rCold   . . .        c - +0 buckler
rNeg    . . .        b - +0 scale mail
rPois   .            (no helmet)
rElec   .            (no cloak)
rCorr   .            (no gloves)
SInv    .            (no boots)
Will    .....        (no amulet) Stlth
                     (no ring)
HPRegen 0.24/turn    (no ring)
MPRegen 0.08/turn

%: no passive effects
@: no status effects
A: runic magic, artefact enchanting
a: Renounce Religion, Potion Petition, Call Merchant, Bribe Branch


You were on level 2 of the Dungeon.
You worshipped Gozag.
Gozag was aware of your devotion.
You visited 1 branch of the dungeon, and saw 2 of its levels.

You collected 117 gold pieces.

Inventory:

Hand Weapons
 a - a +0 war axe (weapon)
Missiles
 i - 3 poisoned darts (quivered)
Armour
 b - a +0 scale mail (worn)
 c - a +0 buckler (worn)
Scrolls
 e - 2 scrolls of identify {unknown}
 g - a scroll of noise {unknown}
 h - a scroll of brand weapon {unknown}
Potions
 d - a potion of might
 f - 2 potions of heal wounds {unknown}


   Skills:
 + Level 3.5 Fighting
 * Level 3.2 Axes
 + Level 3.5 Armour
 + Level 3.5 Shields


You had one spell level left.
You didn't know any spells.
Your spell library contained the following spells:

 Spells                   Type           Power      Damage    Failure   Level
 Volatile Blastmotes      Fire/Tloc      0%         2d10      91%         3
 Fulminant Prism          Conj/Alch      0%         3d5       100%        4
 Iskenderun's Mystic Bla  Conj/Tloc      0%         2d3       100%        4


Dungeon Overview and Level Annotations

Branches:
Dungeon (2/15)

Altars:
Gozag


Innate Abilities, Weirdness & Mutations

Your spellcasting is much less encumbered by armour.
You can use scrolls of enchantment on lesser artefacts.


Message History

You hit the rat.
You kill the rat!
No target in view!
No target in view!
No target in view!
You now have 76 gold pieces (gained 9).
You now have 89 gold pieces (gained 13).
An endoplasm comes into view.
The endoplasm quivers.
An endoplasm is nearby!
An endoplasm is nearby!
You see here 16 gold pieces.
You block the endoplasm's attack.
You hit the endoplasm.
The endoplasm is severely wounded.
The endoplasm freezes you.
You are frozen.
You slash the endoplasm!
You kill the endoplasm!
No target in view!
No target in view!
You now have 105 gold pieces (gained 16).
You now have 111 gold pieces (gained 6).
A goblin comes into view. It is wielding a +0 club.
The goblin shouts!
A goblin is nearby!
You hit the goblin.
You kill the goblin!
No target in view!
No target in view!
No target in view!
You now have 117 gold pieces (gained 6).
You see here a +0 club.
Found a stone staircase leading up.
There is a stone staircase leading up here.
Key pressed, stopping explore.
You open the door.
Key pressed, stopping explore.
Unknown command.
Are you sure you want to abandon this character and quit the game? (Confirm with "yes".)

....#######.....# #.#
############.#### #.#
#........# #.# #.#
#.######.###+## #.# #.#
#.##...## #.#
#.######.#.....## #.#
......##........## ##.##
#...#.##<........####...#####
................@'............
#...#.##.........####...######
#...............#####...##
...##.###......##........##
.#....# #.#...###.........#
.[.######.##+####.........#
#..####........##.........#
#..##.#.#.##.#.##........##
#............#.####.#...##


There were no monsters in sight!

Vanquished Creatures
  2 dart slugs (D:1)
  A ball python (D:1)
  An endoplasm (D:2)
  2 giant cockroaches (D:1)
  4 hobgoblins
  2 quokkas (D:1)
  A bat (D:1)
  2 frilled lizards
  2 goblins
  A kobold (D:2)
  3 rats
21 creatures vanquished.

Notes
Turn   | Place    | Note
-------+----------+-------------------------------------------
     0 | D:1      | Anonymous1 the Mountain Dwarf Fighter began the quest for
                  | the Orb.
     0 | D:1      | Reached XP level 1. HP: 19/19 MP: 1/1
   167 | D:1      | Reached XP level 2. HP: 26/26 MP: 2/2
   570 | D:1      | Found a faded altar of an unknown god.
   589 | D:1      | Prayed at the altar of an unknown god.
   589 | D:1      | Became a worshipper of Gozag Ym Sagoz the Greedy
   857 | D:2      | Quit the game

Illustrated notes

Levels and vault maps discovered:
D:1:      amcnicky_arrival_feature_with_door, layout_loops_ring,
          basic_ecumenical_altar, st_stairs_6
D:2:      layout_loops_corners

Skill      XL: |  1  2 |
---------------+-------+-----
Axes           | 3 |  3.2
Fighting       | |  3.5
Armour         | |  3.5
Shields        | |  3.5

Action                     || total
---------------------------++-------
  Melee: War axe           ||    44
    Use: Scroll            ||     1
 Armour: Scale mail        ||    20
  Dodge: Dodged            ||    19
  Block: Buckler           ||     8

Table legend: (Time is in decaauts)
 A = Elapsed time spent in this place.
 B = Non-inter-level travel time spent in this place.
 C = Inter-level travel time spent in this place.
 D = Time resting spent in this place.
 E = Time spent auto-exploring this place.
 F = Levels seen in this place.
 G = Mean time per level.
                   A        B        C        D        E       F      G
               +--------+--------+--------+--------+--------+-----+--------+
         Total |    873 |    871 |      2 |      0 |    728 |   2 |  436.5 |
       Dungeon |    873 |    871 |      2 |      0 |    728 |   2 |  436.5 |
               +--------+--------+--------+--------+--------+-----+--------+

Top non-repeatable levels by time:
     D:1: 663 daAuts
     D:2: 210 daAuts
